 Dungeon Crawl Stone Soup version 0.32-a0-42-ga30500b4d3 (webtiles) character file.

Game seed: 16394120940840657650

5635 promet the Cudgeller (level 10, -6/49 HPs)
             Began as a Vine Stalker Fighter on Jan 30, 2024.
             Was a Believer of Hepliaklqana.
             Killed by an exploding killer bee (10 damage)
             ... ignited by their inner flame
             ... on level 9 of the Dungeon.
             The game lasted 01:00:11 (10565 turns).

promet the Cudgeller (Vine Stalker Fighter)        Turns: 10565, Time: 01:00:13

Health: -6/49      AC: 23    Str: 24    XL:     10   Next: 74%
Magic:  0/11       EV:  4    Int:  8    God:    Hepliaklqana [**....]
Gold:   3010       SH:  7    Dex: 24    Spells: 9/10 levels left

rFire   . . .        a - +1 hammer of Sin {spect, Dex+2}
rCold   . . .        c - +0 buckler
rNeg    . . .        m - +0 crystal plate armour of Helle {rPois SInv}
rPois   +            d - +0 helmet
rElec   .            w - +2 cloak {rPois}
rCorr   .            F - +0 pair of fencer's gloves {Riposte Dex+3}
SInv    +            (no boots)
Will    +....        (no amulet) Stlth
                     j - +6 ring of strength
HPRegen 1.08/turn    z - ring of see invisible
MPRegen 0.12/turn

%: guardian spirit
@: marked
A: reduced essence, fangs 3, regeneration 1, magic shield, antimagic bite, no
potion heal 2
a: Renounce Religion, Recall Ancestor, Ancestor Identity


You were on level 9 of the Dungeon.
You worshipped Hepliaklqana.
Hepliaklqana was pleased with you.
You visited 1 branch of the dungeon, and saw 9 of its levels.

You collected 3028 gold pieces.
You spent 18 gold pieces at shops.

Inventory:

Hand Weapons
 a - the +1 hammer of Sin (weapon) {spect, Dex+2}
   (You found it on level 3 of the Dungeon)

   Dex+2:     It affects your dexterity (+2).
 b - a +0 sling
 h - a +1 rapier
 o - a +4 hammer
 r - a +3 heavy flail
 u - a +1 long sword of freezing
 y - a +2 short sword of flaming
 D - a +2 dagger of venom
 G - a +5 long sword
 I - a +0 flail of draining
Missiles
 n - a javelin
 p - 2 curare-tipped darts
 t - 25 poisoned darts (quivered)
 v - 41 stones
 A - 5 atropa-tipped darts
Armour
 c - a +0 buckler (worn)
 d - a +0 helmet (worn)
 m - the +0 crystal plate armour of Helle (worn) {rPois SInv}
   (You acquired it on level 3 of the Dungeon)

   rPois:     It protects you from poison SInv: It lets you see invisible.
 w - a +2 cloak of poison resistance (worn)
 F - the +0 pair of fencer's gloves (worn) {Riposte Dex+3}
   (You acquired it on level 8 of the Dungeon)

   Riposte:   It allows the wearer to riposte with melee weapons, swiftly
   retaliating against missed or blocked melee attacks.
   Dex+3:     It affects your dexterity (+3).
Magical Staves
 i - a staff of earth
 x - a staff of cold
Jewellery
 e - an amulet of faith
 j - a +6 ring of strength (left hand)
 k - a ring of ice
 z - a ring of see invisible (right hand)
 B - a +5 ring of evasion
Wands
 f - a wand of flame (44)
Scrolls
 E - a scroll of vulnerability
 H - a scroll of revelation
Potions
 q - 2 potions of magic
 s - 4 potions of curing
 C - a potion of cancellation {unknown}


   Skills:
 * Level 7.3 Fighting
 + Level 3.6 Short Blades
 + Level 7.5 Maces & Flails
 + Level 2.1 Ranged Weapons
 + Level 3.7 Throwing
 + Level 5.9 Armour
 + Level 0.3 Dodging
 + Level 1.9 Stealth
 + Level 5.5 Shields
 + Level 0.5 Spellcasting
 + Level 0.1 Ice Magic
 + Level 2.2 Evocations


You had 9 spell levels left.
You knew the following spells:

 Your Spells              Type           Power      Damage    Failure   Level
a - Freeze                Ice            0%         1d3       100%        1

Your spell library contained the following spells:

 Spells                   Type           Power      Damage    Failure   Level
 Apportation              Tloc           0%         N/A       100%        1
 Blink                    Tloc           0%         N/A       100%        2
 Call Imp                 Summ           0%         N/A       100%        2
 Jinxbite                 Hex            0%         N/A       100%        2
 Lesser Beckoning         Tloc           0%         N/A       100%        2
 Momentum Strike          Conj/Tloc      0%         3d8       100%        2
 Sublimation of Blood     Necr           0%         N/A       100%        2
 Dazzling Flash           Conj/Hex       0%         N/A       100%        3
 Frozen Ramparts          Ice            0%         1d1       100%        3
 Gell's Gravitas          Tloc           0%         N/A       100%        3
 Hailstorm                Conj/Ice       0%         3d5       100%        3
 Mephitic Cloud           Conj/Alch/Air  0%         N/A       100%        3
 Teleport Other           Tloc           0%         N/A       100%        3
 Alistair's Intoxication  Alch           0%         N/A       100%        5
 Curse of Agony           Necr           0%         N/A       100%        5
 Silence                  Hex/Air        0%         N/A       100%        5
 Summon Hydra             Summ           0%         N/A       100%        7


Dungeon Overview and Level Annotations

Branches:
Dungeon (9/15)             Temple (0/1) D:4            Lair (0/5) D:8
    Orc: D:9-12

Altars:
Ashenzari
Cheibriados
Elyvilon
Hepliaklqana
Kikubaaqudgha
Okawaru
Ru
Sif Muna
Xom

Shops:
D:1 *   D:2 *

Annotations:
D:9 Harold


Innate Abilities, Weirdness & Mutations

Your life essence is reduced to manifest your ancestor. (-10% HP)
You have razor-sharp teeth.
Your natural rate of healing is unusually fast.
When hurt, damage is shared between your health and your magic reserves.
Your bite disrupts and absorbs the magic of your enemies.
Potions cannot restore your health.


Message History

The howler monkey hits you but does no damage.
The killer bee stings you.
The killer bee stings you but does no damage.
An orc comes into view. It is wielding a +0 flail.
The orc moves out of view.
As you read the scroll of immolation, it crumbles to dust.
The creatures around you are filled with an inner flame!
The killer bee stings you but does no damage. x2
You block the orc wizard's attack.
You riposte.
You hit the orc wizard.
Flame seeps out of the orc wizard.
Your bite misses the orc wizard.
The orc wizard is moderately wounded.
The howler monkey hoots and howls with incredible vigour!
A killer bee comes into view.
The killer bee stings you but does no damage.
The killer bee stings you.
You hit the orc wizard.
Flame seeps out of the orc wizard. x2
You bite the orc wizard.
The orc wizard's magic leaks into the air.
You drain its magic.
You feel invigorated.
The orc wizard is severely wounded.
The killer bee stings you but does no damage.
The killer bee completely misses you.
The orc wizard is engulfed in blazing flames.
The orc wizard explodes!
The fiery explosion engulfs the killer bee!!!
The fiery explosion engulfs the howler monkey!
Flame seeps out of the howler monkey.
The howler monkey is almost dead.
The fiery explosion engulfs the killer bee!! x2
The fiery explosion engulfs the killer bee!
Flame seeps out of the killer bee.
The killer bee is almost dead.
The fiery explosion engulfs you!!
* * * LOW HITPOINT WARNING * * *
The fiery explosion engulfs Harold!!
Flame seeps out of Harold.
Harold is moderately wounded.
The killer bee explodes!
The fiery explosion engulfs the killer bee!!
The fiery explosion engulfs you!
You die...

##........
###.....!..
..........#
#y......#####
.. .
#..y.o..o....
.♣..♣ #..yo.#
♣. y.y..#..○@o#
♣.♣♣.♣.###§○§##
♣.♣...##yh@##
♣♣..♣..#yh###
♣......#††#
♣..†oy## ♣♣♣♣♣
♣♣....##
♣..♣.♣♣.....#
#..........#
##)......## #
##.....##


You could see Harold (inner flame), a hornet (inner flame), 2 howler monkeys, 4
killer bees, 2 orc wizards and 2 orcs.

Vanquished Creatures
  2 hornets
  A wyvern (D:9)
  A black bear (D:7)
  An ice beast (D:5)
  A sky beast (D:6)
  2 ogres
  A kobold brigand (D:7)
  A bullfrog (D:6)
  Blork the orc (D:6)
  3 scorpions
  3 wights (D:8)
  Dowan (D:6)
  16 killer bees
  2 howler monkeys
  2 bombardier beetles
  2 hounds (D:6)
  3 orc priests
  Crazy Yiuf (D:3)
  A gnoll bouda (D:8)
  A sleepcap (D:5)
  4 iguanas
  Natasha (D:2)
  8 orc wizards
  Robin (D:2)
  3 gnolls (D:8)
  8 adders
  A white imp (D:6)
  4 ufetubi
  5 dart slugs
  5 ribbon worms
  15 orcs
  6 ball pythons
  7 endoplasms
  5 giant cockroaches
  13 goblins
  10 hobgoblins
  9 jackals
  9 kobolds
  3 quokkas
  8 bats
  7 frilled lizards
  7 rats
  2 butterflies (D:4)
187 creatures vanquished.

Vanquished Creatures (collateral kills)
  A troll (D:9)
  A hornet (D:8)
  A shadow (D:7)
  A wyvern (D:9)
  A steam dragon (D:7)
  Duvessa (D:6)
  2 orc warriors (D:8)
  2 ice beasts (D:7)
  An ogre (D:5)
  A phantom (D:7)
  2 kobold brigands
  2 bullfrogs
  4 wights
  8 killer bees
  A hound (D:7)
  An orc priest (D:7)
  A gnoll bouda (D:9)
  2 jellies (D:6)
  An iguana (D:6)
  6 gnolls
  A shadow imp (D:7)
  15 orcs
  9 kobolds
65 creatures vanquished.

Vanquished Creatures (others)
  4 ancestors
  3 battlemagi
7 creatures vanquished.

Grand Total: 259 creatures vanquished

Notes
Turn   | Place    | Note
-------+----------+-------------------------------------------
     0 | D:1      | promet the Vine Stalker Fighter began the quest for the
                  | Orb.
     0 | D:1      | Reached XP level 1. HP: 11/11 MP: 2/2
   712 | D:1      | Reached XP level 2. HP: 11/16 MP: 3/3
  1116 | D:1      | Found Ycamooq's Assorted Antiques.
  1124 | D:1      | Bought a scroll labelled AGIBUELULU for 18 gold pieces
  1376 | D:2      | Reached XP level 3. HP: 20/20 MP: 4/4
  1390 | D:2      | Found a faded altar of an unknown god.
  2383 | D:2      | Reached XP level 4. HP: 24/24 MP: 5/5
  2693 | D:2      | Found Zeaz's Assorted Antiques.
  2837 | D:3      | Noticed Natasha
  2888 | D:3      | Noticed Robin
  2914 | D:2      | Killed Robin
  3569 | D:2      | Killed Natasha
  3570 | D:2      | Reached XP level 5. HP: 25/28 MP: 4/6
  4074 | D:3      | Found a hazy altar of Hepliaklqana.
  4076 | D:3      | Found a shimmering altar of Xom.
  4076 | D:3      | Noticed a thorn hunter
  4077 | D:3      | Noticed a spectral ugly thing
  4077 | D:3      | Noticed a thorn hunter
  4311 | D:3      | Became a worshipper of Hepliaklqana the Forgotten
  4427 | D:3      | Learned a level 1 spell: Freeze
  4544 | D:3      | Found a runed translucent door.
  4544 | D:3      | Identified the +1 hammer of Sin {spect, Dex+2}
  4547 | D:3      | Noticed Crazy Yiuf
  4550 | D:3      | Acquired 959 gold pieces
  4559 | D:3      | Acquired 834 gold pieces
  4563 | D:3      | Acquired 791 gold pieces
  4567 | D:3      | Acquired the +0 crystal plate armour of Helle {rPois SInv}
  4591 | D:3      | Killed Crazy Yiuf
  5017 | D:4      | Found a staircase to the Ecumenical Temple.
  5055 | D:4      | Reached XP level 6. HP: 33/33 MP: 5/7
  5500 | D:4      | Found an ancient bone altar of Kikubaaqudgha.
  5959 | D:5      | Entered Level 5 of the Dungeon
  6073 | D:5      | Reached skill level 1 in Maces & Flails
  6178 | D:5      | Reached XP level 7. HP: 33/37 MP: 6/8
  6245 | D:5      | Reached * piety under Hepliaklqana
  6264 | D:5      | Found a white marble altar of Elyvilon.
  6298 | D:5      | Found a snail-covered altar of Cheibriados.
  6639 | D:5      | Found a sacrificial altar of Ru.
  6696 | D:6      | Noticed Blork the orc
  6706 | D:6      | Killed Blork the orc
  6707 | D:6      | Reached skill level 1 in Throwing
  6829 | D:6      | Gained mutation: You have razor-sharp teeth. [Vine Stalker
                  | growth]
  6829 | D:6      | Reached XP level 8. HP: 31/37 MP: 5/9
  7407 | D:6      | Reached ** piety under Hepliaklqana
  7408 | D:6      | Remembered your ancestor Rupreckt as a battlemage
  7455 | D:6      | Noticed Duvessa
  7456 | D:6      | Noticed Dowan
  7466 | D:6      | Killed Duvessa
  7467 | D:6      | Reached skill level 5 in Fighting
  7478 | D:6      | Killed Dowan
  7710 | D:6      | Found a shimmering blue altar of Sif Muna.
  7710 | D:6      | Found an iron altar of Okawaru.
  7911 | D:7      | Reached skill level 5 in Maces & Flails
  7911 | D:7      | Reached XP level 9. HP: 42/42 MP: 10/10
  7923 | D:7      | Reached skill level 1 in Evocations
  7975 | D:7      | Noticed a hornet
  7984 | D:7      | Killed a hornet
  8240 | D:7      | Reached skill level 1 in Stealth
  8482 | D:7      | Reached skill level 5 in Armour
  8974 | D:7      | Found a broken altar of Ashenzari.
  9190 | D:8      | Noticed a hornet
  9194 | D:8      | Killed a hornet
  9279 | D:8      | Reached skill level 1 in Ranged Weapons
  9286 | D:8      | Found a staircase to the Lair.
  9323 | D:8      | Noticed a hornet
  9329 | D:8      | Reached XP level 10. HP: 45/47 MP: 11/11
  9499 | D:8      | Reached skill level 5 in Shields
 10085 | D:8      | Acquired the +0 pair of fencer's gloves {Riposte Dex+3}
 10085 | D:8      | Found the +0 pair of fencer's gloves {Riposte Dex+3}
 10555 | D:9      | Noticed Harold
 10565 | D:9      | Killed by an exploding killer bee... ignited by their inner
                  | flame

Illustrated notes

Levels and vault maps discovered:
D:1:      dpeg_arrival_another_circle, layout_basic, serial_shops, shop,
          serial_forest, infiniplex_forest_lined_room_2,
          infiniplex_forest_lined_2, infiniplex_forest_straight_4,
          infiniplex_forest_lined_corner, infiniplex_forest_clump_double
D:2:      minmay_chambers_of_twos, layout_basic, serial_shops,
          nicolae_shop_tiny_real_fake_doors, ebering_ecumenical_altar_rust
D:3:      layout_rooms, regret_index_temple_of_mockery, minmay_misc_feat_rugged,
          uniq_natasha, uniq_robin, uniq_crazy_yiuf_cottage
D:4:      layout_loops_ring, kiku_gazebo_garden_becter,
          minmay_temple_entry_butterflies
D:5:      layout_rooms, mainiacjoe_overflow_alcove_4,
          mainiacjoe_overflow_brackets, mainiacjoe_overflow_alcove_2
D:6:      layout_basic, nicolae_overflow_two_pavilions, uniq_blork_the_orc,
          uniq_duvessa
D:7:      hangedman_cross_stitches, layout_basic,
          mainiacjoe_overflow_cross_hatched
D:8:      layout_loops_ring, lair_entry_dummy
D:9:      wad_woods_minihive, layout_cave_pods, hangedman_decor_lopped,
          chequers_serial_rivers_room_a, uniq_harold

Skill      XL: |  1  2  3  4  5  6  7  8  9 10 |
---------------+-------------------------------+-----
Fighting       | 3 4 5 6 7 |  7.3
Shields        | 3 4 5 |  5.5
Short Blades   | 2 3 |  3.6
Armour         | 3 4 5 |  5.9
Maces & Flails | 1 3 5 6 7 |  7.5
Throwing       | 1 3 |  3.7
Evocations     | 1 2 |  2.2
Stealth        | 1 |  1.9
Ranged Weapons | 1 2 |  2.1
Dodging        | |  0.3
Spellcasting   | |  0.5
Ice Magic      | |  0.1

Action                     |  1- 3 |  4- 6 |  7- 9 | 10-12 || total
---------------------------+-------+-------+-------+-------++-------
  Melee: Rapier            |   107 |   102 |       |       ||   209
         Bite              |    27 |    45 |    46 |    37 ||   155
         Mace              |       |    60 |   127 |    83 ||   270
   Fire: Sling             |       |       |     8 |    11 ||    19
  Throw: Dart              |       |     3 |     9 |     1 ||    13
         Stone             |       |     3 |    15 |       ||    18
         Javelin           |       |     4 |    12 |     3 ||    19
 Invoke: Ancestor Life: Ba |       |       |     1 |       ||     1
         Recall Ancestor   |       |       |     1 |       ||     1
         Ancestor Identity |       |       |     1 |       ||     1
  Evoke: Wand              |       |       |     8 |     6 ||    14
    Use: Scroll            |     2 |     7 |     6 |     5 ||    20
         Potion            |     1 |     2 |       |     2 ||     5
   Stab: Distracted        |       |       |     2 |     1 ||     3
 Armour: Scale mail        |    45 |    74 |       |       ||   119
         Crystal plate arm |       |    45 |   109 |   155 ||   309
  Dodge: Dodged            |    39 |    51 |    22 |    35 ||   147
  Block: Buckler           |    20 |    49 |    36 |    55 ||   160
Riposte: Mace              |       |       |       |    20 ||    20

Table legend: (Time is in decaauts)
 A = Elapsed time spent in this place.
 B = Non-inter-level travel time spent in this place.
 C = Inter-level travel time spent in this place.
 D = Time resting spent in this place.
 E = Time spent auto-exploring this place.
 F = Levels seen in this place.
 G = Mean time per level.
                   A        B        C        D        E       F      G
               +--------+--------+--------+--------+--------+-----+--------+
         Total |  10663 |  10164 |    499 |   3463 |   1914 |   9 | 1184.8 |
       Dungeon |  10663 |  10164 |    499 |   3463 |   1914 |   9 | 1184.8 |
               +--------+--------+--------+--------+--------+-----+--------+

Top non-repeatable levels by time:
     D:2: 2362 daAuts
     D:3: 1525 daAuts
     D:1: 1279 daAuts
     D:7: 1193 daAuts
     D:6: 1190 daAuts
     D:8: 1107 daAuts
     D:4: 947 daAuts
     D:5: 773 daAuts
     D:9: 281 daAuts
